 Dungeon Crawl Stone Soup version 0.30-a0-989-g0d87f670db (webtiles) character file.

Game seed: 4432147036203610282

12772 Lobster4 the Covert (level 11, -10/58 HPs)
             Began as a Spriggan Hunter on Apr 2, 2023.
             Was an Elder of Nemelex Xobeh.
             Hit by a large rock thrown by a cyclops (44 damage)
             ... on level 14 of the Dungeon.
             The game lasted 00:30:11 (11384 turns).

Lobster4 the Covert (Spriggan Hunter)              Turns: 11384, Time: 00:30:12

Health: -10/58     AC:  5    Str:  7    XL:     11   Next: 66%
Magic:  20/20      EV: 25    Int: 11    God:    Nemelex Xobeh [****..]
Gold:   807        SH:  0    Dex: 23    Spells: 19/21 levels left

rFire   . . .      SeeInvis +    a - +5 shortbow (flame)
rCold   . . .      Faith    .    (shield currently unavailable)
rNeg    . . .      Spirit   .    I - +0 troll leather armour
rPois   .          Reflect  .    (helmet restricted)
rElec   .          Rampage  .    v - +0 cloak
rCorr   +                        (gloves unavailable)
Will    +....                    (boots unavailable)
Stlth   +++++                    G - amulet of the acrobat
HPRegen 1.09/turn                t - ring of resist corrosion
MPRegen 0.17/turn                F - +4 ring of slaying

@: very quick
A: very small, no large weapons, unfitting armour, see invisible, speed 3
a: Renounce Religion, Draw Escape, Draw Destruction, Draw Summoning, Triple
Draw, Deal Four


You were on level 14 of the Dungeon.
You worshipped Nemelex Xobeh.
Nemelex Xobeh was greatly pleased with you.
You visited 2 branches of the dungeon, and saw 14 of its levels.

You collected 807 gold pieces.

Inventory:

Hand Weapons
 a - a +5 shortbow of flaming (weapon)
 b - a +0 short sword of draining
 k - a +2 short sword of freezing
 u - a +0 arbalest
 y - a +0 sling
 z - a +2 shortbow of draining
 K - a +1 dagger of venom
Missiles
 l - 45 poisoned darts
 o - 5 curare-tipped darts
 E - 4 boomerangs of dispersal
Armour
 c - a +0 robe
 v - a +0 cloak (worn)
 I - a +0 troll leather armour (worn)
Magical Staves
 B - a staff of air
Jewellery
 i - a ring of ice
 m - a +5 ring of evasion
 p - a ring of positive energy
 r - a ring of ice
 t - a ring of resist corrosion (left hand)
 F - a +4 ring of slaying (right hand)
 G - an amulet of the acrobat (around neck)
Wands
 w - a wand of quicksilver (10)
 C - a wand of digging (5)
 D - a wand of paralysis (2)
 H - a wand of roots (4)
Scrolls
 d - 3 scrolls of immolation
 h - 2 scrolls of teleportation
 n - a scroll of magic mapping
 L - a scroll of enchant armour {unknown}
Potions
 e - 3 potions of curing
 g - 7 potions of might {unknown}
 j - 2 potions of brilliance
 q - 2 potions of haste
 s - a potion of lignification
 x - 3 potions of mutation {unknown}
 A - 2 potions of berserk rage
 J - a potion of heal wounds


   Skills:
 + Level 6.6 Fighting
 - Level 3.0 Short Blades
 + Level 8.8 Ranged Weapons
 - Level 3.0 Throwing
 + Level 3.3 Armour
 - Level 10.0 Dodging
 - Level 10.0 Stealth
 + Level 5.6 Spellcasting
 + Level 4.2 Air Magic
 + Level 4.4 Poison Magic
 - Level 5.0 Invocations
 + Level 3.5 Evocations


You had 19 spell levels left.
You knew the following spells:

 Your Spells              Type           Power      Damage    Failure   Level
a - Poisonous Vapours     Pois/Air       24%        N/A       8%          2

Your spell library contained the following spells:

 Spells                   Type           Power      Damage    Failure   Level
 Cigotuvi's Dreadful Rot  Necr/Pois/Air  18%        N/A       14%         2
 Mephitic Cloud           Conj/Pois/Air  9%         N/A       26%         3
 Inner Flame              Hex/Fire       3%         N/A       65%         3
 Summon Lightning Spire   Summ/Air       7%         N/A       77%         4
 Flame Wave               Conj/Fire      3%         2d5       96%         4
 Sticky Flame             Conj/Fire      3%         2d3       96%         4
 Storm Form               Tmut/Air       3%         N/A       100%        7
 Maxwell's Capacitive Co  Air            6%         ∞         100%        8


Dungeon Overview and Level Annotations

Branches:
Dungeon (12/15)            Temple (1/1) D:4            Lair (0/5) D:9
    Orc (0/2) D:10         Vaults (0/5) D:14

Altars:
Ashenzari
Cheibriados
Dithmenos
Elyvilon
Gozag
Hepliaklqana
Kikubaaqudgha
Makhleb
Nemelex Xobeh
Okawaru
Qazlal
Ru
Sif Muna
Trog
Uskayaw
Vehumet
Wu Jian
Xom
Zin
The Shining One

Shops:
D:5 =

Annotations:
D:9 exclusion: wizard
D:12 Urug


Innate Abilities, Weirdness & Mutations

You are very small and have problems with some larger weapons.
You are too small for most types of armour.
You have supernaturally acute eyesight. (SInv)
You cover ground extremely quickly. (Speed+++)


Message History

You fall into a shaft and drop 2 floors!
The shaft crumbles and collapses.
Found 16 gold pieces.
As you read the scroll of magic mapping, it crumbles to dust.
You feel aware of your surroundings.
You sensed 1 shop/portal.
Found a scroll of immolation.
You now have 807 gold pieces (gained 16).
d - 3 scrolls of immolation (gained 1)
You open the door.
A manticore, 3 vault guards, a brown ugly thing, a troll and a gargoyle come into view.
Found a gate to the Vaults.
You close the door.
Found a morningstar.
A four-headed hydra comes into view.
The four-headed hydra roars!
You open the door.
Found a leather armour.
Found an escape hatch in the ceiling.
There is an open door here.
You close the door.
There is an escape hatch in the ceiling here.
Found a trident.
Found a stone staircase leading up.
Found a glowing battleaxe.
A cyclops comes into view.
You shoot an arrow. The cyclops shouts!
The arrow hits the cyclops.
The arrow burns the cyclops.
The cyclops is lightly wounded.
You shoot an arrow. The arrow hits the cyclops.
The arrow burns the cyclops.
The cyclops is moderately wounded.
You shoot an arrow. The arrow hits the cyclops.
The arrow burns the cyclops.
The cyclops is moderately wounded.
The cyclops throws a large rock.
The large rock hits you!!
You shoot an arrow. The arrow hits the cyclops.
The arrow burns the cyclops.
The cyclops is heavily wounded.
The cyclops throws a large rock.
The large rock barely misses you.
You shoot an arrow. The arrow barely misses the cyclops.
The cyclops throws a large rock.
The large rock hits you!!!
Ouch! That really hurt!
You die...
Your body disappears without a glow.

,,,,********,**** ***,,,,,,,,* *,
,**** *,* *******+** *, ,* ***,*
******,,* ** ** ****,,,*
*,,,,,,** *** *,,,,*** *,****** *
,,***##+######♣## *,* *
,,+,,#..........##***+******** *
,,**,#......<#♣..##,,,,,,,,,,****
,,**,+.......##.@.#*,,,,,,,,,+,*~
,,***#........##..♣#,,,,,,,,,*,*~
,,* #..[.....##)<.#,,,,,,,,,*,,~
,,* ####+######..♣#******+*****~
*** #.## *C..# *,,* *~ *
#..###♣..## *,** *~ ***
##+D....## ****,* *~ ,,*
#....#♣### *,,,,* *~ ,,* #....#
#.#####+#### *~


You could see a cyclops.

Vanquished Creatures
  2 two-headed ogres
  2 boulder beetles (D:11)
  A deep elf pyromancer (D:12)
  An unseen horror (D:11)
  Joseph (D:7)
  3 kobold demonologists
  2 komodo dragons
  A troll (D:9)
  A hornet (D:8)
  Sigmund (D:2)
  5 slime creatures
  A wraith (D:10)
  3 shadows
  20 yaks
  2 acid dragons
  2 water moccasins
  An orc warrior (D:7)
  2 ogres
  3 centaurs
  2 phantoms (D:5)
  5 kobold brigands
  5 bullfrogs
  A gnoll sergeant (D:11)
  Blork the orc (D:4)
  5 scorpions
  3 wights
  4 killer bees
  5 howler monkeys
  An electric eel (D:7)
  3 hounds
  3 orc priests
  A sleepcap (D:6)
  A jelly (D:7)
  A gnoll bouda (D:7)
  3 orc wizards
  3 iguanas
  11 gnolls
  3 adders
  A shadow imp (D:5)
  A white imp (D:5)
  A dart slug (D:1)
  18 orcs
  3 ball pythons
  4 endoplasms
  A giant cockroach (D:1)
  12 goblins
  6 hobgoblins
  4 jackals (D:5)
  22 kobolds
  3 quokkas
  7 bats
  7 frilled lizards
  4 rats (D:2)
209 creatures vanquished.

Notes
Turn   | Place    | Note
-------+----------+-------------------------------------------
     0 | D:1      | Lobster4 the Spriggan Hunter began the quest for the Orb.
     0 | D:1      | Reached XP level 1. HP: 10/10 MP: 2/2
   182 | D:1      | Reached XP level 2. HP: 15/15 MP: 3/3
  1043 | D:2      | Reached XP level 3. HP: 18/18 MP: 4/4
  1118 | D:2      | Noticed Sigmund
  1246 | D:2      | Reached skill level 1 in Short Blades
  1517 | D:3      | Noticed an ogre
  1665 | D:3      | Identified the +2 ring mail of Miracles {rPois Will+ Dex-4}
  2004 | D:3      | Killed an ogre
  2005 | D:3      | Reached XP level 4. HP: 23/23 MP: 5/5
  2046 | D:3      | Reached XP level 5. HP: 27/27 MP: 6/6
  2242 | D:4      | Noticed a water moccasin
  3165 | D:4      | Reached XP level 6. HP: 32/32 MP: 7/7
  3229 | D:4      | Noticed Blork the orc
  3235 | D:4      | Killed Blork the orc
  3236 | D:4      | Reached skill level 5 in Stealth
  3318 | D:4      | Found a staircase to the Ecumenical Temple.
  3328 | Temple   | Entered the Ecumenical Temple
  3487 | Temple   | Became a worshipper of Nemelex Xobeh the Trickster
  3798 | D:5      | Entered Level 5 of the Dungeon
  3804 | D:5      | Reached skill level 5 in Ranged Weapons
  3877 | D:5      | Found Seuczec's Jewellery Emporium.
  4211 | D:5      | Reached skill level 5 in Dodging
  4211 | D:5      | Reached XP level 7. HP: 36/36 MP: 8/8
  4216 | D:5      | Reached skill level 1 in Throwing
  4281 | D:5      | Reached skill level 1 in Invocations
  4732 | D:6      | Reached * piety under Nemelex Xobeh
  4794 | D:6      | Reached XP level 8. HP: 41/41 MP: 10/10
  4903 | D:6      | Found a shimmering altar of Xom.
  5604 | D:7      | Noticed Joseph
  5686 | D:7      | Received a gift from Nemelex Xobeh
  5934 | D:7      | Reached skill level 1 in Evocations
  6124 | D:7      | Reached ** piety under Nemelex Xobeh
  6300 | D:8      | Noticed a komodo dragon
  6353 | D:7      | Killed a komodo dragon
  6354 | D:7      | Reached XP level 9. HP: 46/46 MP: 12/12
  6607 | D:8      | Noticed an Executioner
  6608 | D:8      | Found a burning altar of Makhleb.
  6718 | D:8      | Found a hide-covered altar of Uskayaw.
  6858 | D:8      | Found a broken altar of Ashenzari.
  6861 | D:8      | Found a shadowy altar of Dithmenos.
  6891 | D:8      | Found a glowing silver altar of Zin.
  6891 | D:8      | Noticed an angel
  7017 | D:9      | Received a gift from Nemelex Xobeh
  7073 | D:9      | Noticed a wizard
  7224 | D:9      | Reached skill level 5 in Fighting
  7247 | D:9      | Learned a level 2 spell: Poisonous Vapours
  7253 | D:9      | Identified the +0 chain mail of Restlessness {Rampage rF+
                  | Stlth+}
  7479 | D:9      | Found a staircase to the Lair.
  7479 | D:9      | Noticed a troll
  7481 | D:9      | Killed a troll
  7503 | D:9      | Reached skill level 5 in Invocations
  7519 | D:9      | Reached skill level 1 in Spellcasting
  7519 | D:9      | Reached XP level 10. HP: 51/51 MP: 14/14
  7534 | D:9      | Reached skill level 1 in Poison Magic
  7537 | D:9      | Reached skill level 10 in Stealth
  7540 | D:9      | Reached skill level 1 in Air Magic
  7761 | D:10     | Entered Level 10 of the Dungeon
  7771 | D:10     | Reached skill level 1 in Armour
  7788 | D:10     | Found a stormy altar of Qazlal.
  7803 | D:10     | Noticed a soul eater
  7943 | D:10     | Found a staircase to the Orcish Mines.
  8018 | D:10     | Reached *** piety under Nemelex Xobeh
  8312 | D:10     | Found a glowing golden altar of the Shining One.
  8454 | D:11     | Noticed a two-headed ogre
  8465 | D:11     | Killed a two-headed ogre
  8522 | D:11     | Received a gift from Nemelex Xobeh
  8687 | D:11     | Noticed a boulder beetle
  8706 | D:11     | Killed a boulder beetle
  8821 | D:11     | Reached XP level 11. HP: 56/56 MP: 18/18
  9110 | D:11     | Noticed a boulder beetle
  9387 | D:11     | Killed a boulder beetle
  9607 | D:10     | Reached skill level 10 in Dodging
  9742 | D:2      | Killed Sigmund
 10467 | D:7      | Killed Joseph
 10468 | D:7      | Reached skill level 5 in Spellcasting
 10589 | D:12     | Noticed a two-headed ogre
 10595 | D:12     | Killed a two-headed ogre
 10703 | D:12     | Reached **** piety under Nemelex Xobeh
 10777 | D:12     | Noticed a deep elf pyromancer
 10784 | D:12     | Killed a deep elf pyromancer
 10965 | D:12     | Noticed Urug
 11327 | D:12     | You fall into a shaft and drop 2 floors!
 11342 | D:14     | Found a gate to the Vaults.
 11342 | D:14     | Noticed a vault guard
 11342 | D:14     | Noticed a vault guard
 11342 | D:14     | Noticed a vault guard
 11342 | D:14     | Noticed a brown ugly thing
 11363 | D:14     | Noticed a four-headed hydra
 11384 | D:14     | Hit by a large rock thrown by a cyclops

Illustrated notes

Levels and vault maps discovered:
D:1:      heliophobic_arrival_dark_side_of_the_moon, layout_basic
D:2:      layout_loops_ring, nicolae_underground_beach, uniq_sigmund
D:3:      layout_loops_ring
D:4:      layout_basic, minmay_temple_entry_antechambers, uniq_blork_the_orc
D:5:      layout_basic, serial_shops, nicolae_lakefront_shop
D:6:      layout_rooms, lemuel_doored_altar, minmay_ogre_servants
D:7:      layout_layer_cave, serial_glass, glass_columns_a, glass_columns_c,
          glass_columns_c, glass_columns_c, chequers_avenue,
          nicolae_lava_and_water, uniq_joseph
D:8:      layout_rooms, grunt_temple_overflow_order_and_chaos_2,
          nicolae_overflow_hidden_temple, mainiacjoe_overflow_alcove_1
D:9:      layout_loops_ring, lair_entry_dummy, minmay_misc_feat_rows, laboratory
D:10:     layout_basic, nicolae_tso_swordbearing_angel,
          mainiacjoe_overflow_chevrons, nicolae_concentric_dashed_squares_wild
D:11:     layout_irregular_city
D:12:     layout_layer_cave, uniq_urug
D:14:     layout_roguey, lightli_vaults_fourway_checkpoint, hex_tiny,
          grunt_ministairs_8, lightli_minifort
Temple:   hellmonk_temple_flake

Skill      XL: |  1  2  3  4  5  6  7  8  9 10 11 |
---------------+----------------------------------+-----
Stealth        | 2 3 4 5 6 8 9 10 | 10.0
Dodging        | 3 4 5 7 8 9 10 | 10.0
Short Blades   | 1 2 3 |  3.0
Fighting       | 2 3 4 5 6 |  6.6
Ranged Weapons | 5 6 7 8 |  8.8
Throwing       | 2 3 |  3.0
Invocations    | 2 3 5 |  5.0
Evocations     | 2 3 |  3.5
Spellcasting   | 1 4 5 |  5.6
Poison Magic   | 3 4 |  4.4
Air Magic      | 3 4 |  4.2
Armour         | 2 3 |  3.3

Action                     |  1- 3 |  4- 6 |  7- 9 | 10-12 || total
---------------------------+-------+-------+-------+-------++-------
  Melee: Dagger            |       |       |       |     1 ||     1
   Fire: Shortbow          |   124 |   128 |   287 |   252 ||   791
   Cast: Poisonous Vapours |       |       |       |    11 ||    11
 Invoke: Draw Destruction  |       |       |       |     1 ||     1
  Evoke: Wand              |       |       |       |     3 ||     3
    Use: Scroll            |     7 |     3 |     4 |     7 ||    21
   Stab: Paralysed         |       |       |       |     1 ||     1
 Armour: Robe              |     1 |     3 |     8 |       ||    12
         Troll leather arm |       |       |       |     5 ||     5
  Dodge: Dodged            |    36 |    30 |   122 |    86 ||   274

Table legend: (Time is in decaauts)
 A = Elapsed time spent in this place.
 B = Non-inter-level travel time spent in this place.
 C = Inter-level travel time spent in this place.
 D = Time resting spent in this place.
 E = Time spent auto-exploring this place.
 F = Levels seen in this place.
 G = Mean time per level.
                   A        B        C        D        E       F      G
               +--------+--------+--------+--------+--------+-----+--------+
         Total |   7876 |   7198 |    678 |    603 |   4625 |  14 |  562.6 |
       Dungeon |   7773 |   7101 |    672 |    603 |   4548 |  13 |  597.9 |
        Temple |    103 |     97 |      6 |      0 |     76 |   1 |  103.0 |
               +--------+--------+--------+--------+--------+-----+--------+

Top non-repeatable levels by time:
     D:3: 1247 daAuts
     D:7: 1045 daAuts
    D:11: 904 daAuts
     D:5: 642 daAuts
     D:4: 599 daAuts
     D:9: 566 daAuts
     D:2: 527 daAuts
     D:1: 483 daAuts
    D:10: 465 daAuts
    D:12: 453 daAuts
     D:8: 435 daAuts
     D:6: 361 daAuts
  Temple: 103 daAuts
    D:14: 38 daAuts
